 Dungeon Crawl Stone Soup version 0.27.0-66-gdc8fb28755 (webtiles) character file.

Game seed: 13795131752871877927

760 pkoi the Slasher (level 7, -1/61 HPs)
             Began as a Minotaur Fighter on Aug 20, 2021.
             Slain by a sky beast (5 damage)
             ... on level 4 of the Dungeon.
             The game lasted 00:05:35 (4364 turns).

pkoi the Slasher (Minotaur Fighter)                 Turns: 4364, Time: 00:05:36

Health: -1/61      AC: 15    Str: 23    XL:     7   Next: 50%
Magic:  6/6        EV:  5    Int:  5    God:
Gold:   127        SH: 10    Dex:  9    Spells: 6/6 levels left

rFire    . . .     SeeInvis .   a - +1 long sword
rCold    . . .     Faith    .   c - +0 kite shield
rNeg     . . .     Spirit   .   g - +0 plate armour
rPois    .         Reflect  .   (helmet restricted)
rElec    .         Harm     .   j - +0 cloak
rCorr    .         Rampage  .   (no gloves)
Will     .....                  e - +0 pair of boots
Stlth    ..........             (no amulet)
HPRegen  0.20/turn              (no ring)
MPRegen  0.10/turn              (no ring)

@: no status effects
A: horns 2, retaliatory headbutt
a: no special abilities


You were on level 4 of the Dungeon.
You visited 1 branch of the dungeon, and saw 5 of its levels.

You collected 127 gold pieces.

Inventory:

Hand Weapons
 a - a +1 long sword (weapon)
 u - a +0 shortbow
Missiles
 f - 6 curare-tipped darts (quivered)
 i - 36 poisoned darts
Armour
 c - a +0 kite shield (worn)
 e - a +0 pair of boots (worn)
 g - a +0 plate armour (worn)
 j - a +0 cloak (worn)
Scrolls
 h - 2 scrolls of identify
 m - a scroll of fog
 s - a scroll of brand weapon {unknown}
 v - a scroll of vulnerability {unknown}
Potions
 b - a potion of cancellation {unknown}
 d - 2 potions of might
 k - a potion of degeneration {unknown}
 l - a potion of mutation {unknown}
 n - a potion of flight {unknown}
 o - a potion of heal wounds {unknown}
 p - a potion of ambrosia
 q - a potion of lignification {unknown}
 r - a potion of curing {unknown}
 t - a potion of brilliance {unknown}


   Skills:
 + Level 5.5 Fighting
 - Level 6.0 Long Blades
 + Level 0.7 Bows
 + Level 5.8 Armour
 + Level 1.9 Dodging
 + Level 6.0 Shields


You had 6 spell levels left.
You didn't know any spells.
Your spell library contained the following spells:

 Spells                   Type           Power      Damage    Failure   Level
 Freeze                   Ice            0%         1d3       100%        1
 Frozen Ramparts          Ice            0%         1d2       100%        3
 Hailstorm                Conj/Ice       0%         3d3       100%        4


Dungeon Overview and Level Annotations

Branches:
Dungeon (5/15)
 Temple: D:4-7

Altars:
Vehumet

Shops:
D:4 (


Innate Abilities, Weirdness & Mutations

You have a pair of horns on your head.
You reflexively headbutt those who attack you in melee.


Message History

You hit the black bear.
You headbutt the black bear, but do no damage.
The black bear is almost dead.
The black bear bites you.
The black bear claws you but does no damage.
The black bear barely misses you. Something hits you but does no damage.
The black bear closely misses you.
You riposte.
You hit the black bear.
You kill the black bear!
Your Shields skill increases to level 6!
Something hits you. Something shocks you.
You see here a black bear corpse.
Unknown command.
You miss something. Your headbutt misses something.
Something hits you but does no damage.
You closely miss something. Something hits you. Something shocks you.
Something hits you but does no damage.
You hit something. You block something's attack.
You closely miss something. Something hits you but does no damage.
You hit something. Something hits you. Something shocks you.
* * * LOW HITPOINT WARNING * * *
Something hits you.
* * * LOW HITPOINT WARNING * * *
Something shocks you.
* * * LOW HITPOINT WARNING * * *
You closely miss something.
A sky beast appears from thin air!
Reactivating autopickup.
The sky beast hits you but does no damage.
You closely miss the sky beast.
The sky beast is heavily wounded.
You block the sky beast's attack.
Unknown command.
You block the sky beast's attack.
There is a stone staircase leading up here.
The sky beast hits you but does no damage.
You climb upwards.
There is a stone staircase leading down here.
The sky beast hits you.
* * * LOW HITPOINT WARNING * * *
The sky beast shocks you.
You die...

..# #.#
##....#.#.....)##
..# #.#
##....).)..##.#
..# #.#
##....)..###.#
..###.#####
#######.# #.#
..........#
#.##.#.# #.#
..###.###.#
#.##...###.# ###
#.# #.#
#...>......#
#.###.##
###Y########
####.##...#####@#
#...............#
#....##...#######
#..#####.## ##..#
#.# [[..# #.#
#...#####.#
..........#
....#######


You could see a sky beast.

Vanquished Creatures
  2 black bears
  2 phantoms
  A jelly (D:2)
  An orc priest (D:3)
  A gnoll shaman (D:4)
  2 hounds (D:4)
  2 orc wizards (D:4)
  5 gnolls
  5 adders
  2 worms
  4 dart slugs
  13 orcs
  12 ball pythons
  7 bats
  8 endoplasms
  5 giant cockroaches
  13 goblins
  13 hobgoblins
  4 jackals (D:3)
  10 kobolds
  3 quokkas
  4 frilled lizards
  4 rats
123 creatures vanquished.

Vanquished Creatures (others)
  3 withered plants (D:1)
3 creatures vanquished.

Grand Total: 126 creatures vanquished

Notes
Turn   | Place    | Note
-------+----------+-------------------------------------------
     0 | D:1      | pkoi the Minotaur Fighter began the quest for the Orb.
     0 | D:1      | Reached XP level 1. HP: 19/19 MP: 0/0
   180 | D:1      | Reached XP level 2. HP: 27/27 MP: 1/1
   609 | D:1      | Reached XP level 3. HP: 33/33 MP: 2/2
   619 | D:1      | Found a faded altar of an unknown god.
   992 | D:2      | Reached XP level 4. HP: 25/40 MP: 3/3
  1743 | D:2      | Reached XP level 5. HP: 47/47 MP: 4/4
  2026 | D:3      | Reached skill level 5 in Shields
  2406 | D:3      | Noticed a phantom
  2425 | D:3      | Killed a phantom
  2426 | D:3      | Reached XP level 6. HP: 45/55 MP: 5/5
  3037 | D:4      | Reached skill level 5 in Armour
  3056 | D:3      | Reached skill level 5 in Fighting
  3272 | D:4      | Reached skill level 5 in Long Blades
  3611 | D:4      | Reached XP level 7. HP: 42/61 MP: 6/6
  3743 | D:4      | Found Kath's Antique Weapon Emporium.
  3923 | D:4      | Reached skill level 1 in Dodging
  4232 | D:4      | Found a radiant altar of Vehumet.
  4336 | D:5      | Entered Level 5 of the Dungeon
  4364 | D:4      | Slain by a sky beast

Illustrated notes

Levels and vault maps discovered:
D:1:      dpeg_arrival_arbitrary_a, layout_basic,
          ebering_ecumenical_altar_petrified, corexii_hall_statues_s
D:2:      minmay_razor_zed, layout_basic
D:3:      layout_loops_ring
D:4:      layout_loops_ring, nicolae_vehumet_radiance, serial_shops,
          nicolae_shop_waterfront, hangedman_decor_opposing
D:5:      layout_loops_ring, uniq_pikel, uniq_blork_the_orc

Skill      XL: |  1  2  3  4  5  6  7 |
---------------+----------------------+-----
Shields        | 4 5 6 |  6.0
Armour         | 4 5 |  5.8
Fighting       | 4 5 |  5.5
Long Blades    | 3 4 6 |  6.0
Dodging        | 1 |  1.9
Bows           | |  0.7

Action                   |  1- 3 |  4- 6 |  7- 9 || total
-------------------------+-------+-------+-------++-------
Melee: Long sword        |    74 |   215 |    46 ||   335
       Headbutt          |    10 |    41 |     6 ||    57
  Use: Scroll            |       |     4 |       ||     4
Armor: Scale mail        |    10 |       |       ||    10
       Plate armour      |    27 |   156 |    42 ||   225
Dodge: Dodged            |    18 |    40 |    22 ||    80
Block: Kite shield       |    45 |   108 |    33 ||   186
       Rpst.: Long sword |     9 |    15 |     5 ||    29
